 Dungeon Crawl Stone Soup version 0.23-a0-448-g1c01f63 (console) character file.

742 utis the Magician (level 7, -3/36 HPs)
             Began as a Spriggan Earth Elementalist on Nov 19, 2018.
             Shot with a sling bullet by Joseph (15 damage)
             ... on level 7 of the Dungeon.
             The game lasted 00:19:17 (6202 turns).

utis the Magician (Spriggan Earth Elementalist)     Turns: 6202, Time: 00:19:17

Health: -3/36      AC:  2    Str:  4    XL:     7   Next: 47%
Magic:  0/18       EV: 20    Int: 19    God:
Gold:   246        SH:  0    Dex: 16    Spells: 9/20 levels left

rFire    . . .     SeeInvis +   a - +3 rapier (drain)
rCold    . . .     Gourm    .   (shield restricted)
rNeg     . . .     Faith    .   c - +0 robe
rPois    +         Spirit   +   (helmet restricted)
rElec    .         Reflect  .   (no cloak)
rCorr    .         Harm     .   (gloves unavailable)
MR       +....                  (boots unavailable)
Stlth    ++........             G - amulet of guardian spirit
HPRegen  0.12/turn              P - ring of poison resistance
MPRegen  0.16/turn              (no ring)

@: very quick
A: very small, unfitting armour, see invisible, herbivore, speed 3, slow
metabolism 2
a: no special abilities


You were on level 7 of the Dungeon.
You were not hungry.

You visited 1 branch of the dungeon, and saw 5 of its levels.

You collected 246 gold pieces.

Inventory:

Hand Weapons
 a - a +3 rapier of draining (weapon)
 f - a +0 club
 i - a +0 dagger
 m - a +0 dagger of venom
 o - a +0 halberd
 p - a +0 short sword
 v - a +0 rapier
 w - a +2 flail of crushing
 x - a +0 dagger of speed
 y - a +2 dagger of pain
 B - a +3 dagger
Missiles
 b - 33 stones (quivered) {=f}
 C - 50 bolts
Armour
 c - a +0 robe (worn)
Jewellery
 G - an amulet of guardian spirit (around neck)
 P - a ring of poison resistance (left hand)
Wands
 l - a wand of flame (10)
 F - a wand of acid (9)
Scrolls
 j - 2 scrolls of immolation {unknown}
 n - 5 scrolls of teleportation {@r4}
 q - 2 scrolls of remove curse {@r2}
 r - 2 scrolls of fear
 u - 2 scrolls of identify {@r1}
Potions
 e - a potion of heal wounds {@q2}
 g - 2 potions of haste {@q3}
 h - 4 potions of curing {@q1}
 k - a potion of brilliance
 s - a potion of lignification
 t - a potion of agility
 z - a potion of cancellation {unknown}
Comestibles
 d - 6 rations {@e1}


   Skills:
 - Level 3.2 Fighting
 + Level 5.2 Dodging
 - Level 3.0 Stealth
 - Level 7.2 Spellcasting
 - Level 1.3 Transmutations
 - Level 4.0 Earth Magic


You had 9 spell levels left.
You knew the following spells:

 Your Spells              Type           Power        Failure   Level  Hunger
p - Passwall              Tmut/Erth      ###.....     4%          2    None
t - Lee's Rapid Deconstr  Erth           ###.......   45%         5    #####..
w - Stone Arrow           Conj/Erth      ##....       13%         3    #......
z - Sandblast             Erth           ###...       1%          1    None

Your spell library contained the following spells:

 Spells                   Type           Power        Failure   Level  Hunger
 Petrify                  Tmut/Erth      ###.....     32%         4    ###....


Dungeon Overview and Level Annotations

Branches:
Dungeon (4/15)
 Temple: D:4-7

Altars:

Annotations:
D:2 exclusion: downstairs
D:3 Grinder
D:7 Joseph


Innate Abilities, Weirdness & Mutations

You are very small and have problems with some larger weapons.
You are too small for most types of armour.
You have supernaturally acute eyesight. (SInv)
You are a herbivore.
You cover ground extremely quickly.
You need to consume almost no food.


Message History

Unknown command.
Casting: Sandblast (safe; 1% risk of failure)
Confirm with . or Enter, or press ? or * to list all spells.
You can't see any susceptible monsters within range! (Use Z to cast anyway.) Unknown command.
You feel much better.
Joseph shoots a sling bullet.
The sling bullet hits you!
* * * LOW MAGIC WARNING * * *
The sling bullet burns you!
* * * LOW MAGIC WARNING * * *;
* * * LOW HITPOINT WARNING * * *
Casting: Sandblast (safe; 1% risk of failure)
Confirm with . or Enter, or press ? or * to list all spells.
You can't see any susceptible monsters within range! (Use Z to cast anyway.) Unknown command.
Casting: Sandblast (safe; 1% risk of failure)
Confirm with . or Enter, or press ? or * to list all spells.
You can't see any susceptible monsters within range! (Use Z to cast anyway.) Unknown command.
Joseph shoots a sling bullet.
The sling bullet hits you!!
* * * LOW MAGIC WARNING * * *
You die...

░░░░....░░░░...†.....░░░
░........†..<░░░.....░░░ ░░
░░░░.░░....░░.............░
.░░░....░░░.░░░░░..........>░░
..░...............░░░░.......░
....░░.........░░..........░.░
....░.......➘➘..░..........░.░
...░░..........➘░............░
...░░...........i..........░░░
...░░░.........░░..@....░..░
..░░ ░░.......░░░......†..░░
.░░ ░░░░..░░░ ░░░░.....░░ ░░
░░.░ ░....➘░░░░░░ ░
░....░░..░....░
░.░░░░░..░....░ .░ ..
░..➘░....░░. ...░ ░.....€.....


You could see Joseph.

Vanquished Creatures
  Sigmund (D:3)
  An ice beast (D:7)
  3 howler monkeys (D:7)
  3 orc priests (D:4)
  A hound (D:7)
  2 orc wizards
  7 gnolls
  6 adders
  4 dart slugs
  13 orcs
  2 giant cockroaches
  9 goblins
  7 hobgoblins
  4 jackals (D:1)
  3 quokkas
  2 ball pythons
  8 bats
  4 frilled lizards
  A jackal skeleton (D:4)
  4 kobolds (D:2)
  5 rats
90 creatures vanquished.

Notes
Turn   | Place    | Note
-------+----------+-------------------------------------------
     0 | D:1      | utis the Spriggan Earth Elementalist began the quest for
                  | the Orb.
     0 | D:1      | Reached XP level 1. HP: 9/9 MP: 5/5
   375 | D:1      | Reached XP level 2. HP: 3/13 MP: 4/6
  1139 | D:2      | Reached XP level 3. HP: 11/16 MP: 4/8
  1146 | D:1      | Learned a level 3 spell: Stone Arrow
  1331 | D:2      | Reached skill level 3 in Spellcasting
  1640 | D:1      | Reached XP level 4. HP: 21/21 MP: 8/10
  1714 | D:2      | Reached skill level 4 in Spellcasting
  2245 | D:2      | Reached skill level 5 in Spellcasting
  2245 | D:2      | Reached XP level 5. HP: 24/24 MP: 7/13
  2698 | D:3      | Noticed Sigmund
  2713 | D:3      | Learned a level 5 spell: Lee's Rapid Deconstruction
  2716 | D:3      | Learned a level 2 spell: Passwall
  2866 | D:3      | crap
  2866 | D:3      | no, though, won't go that way
  3202 | D:3      | Killed Sigmund
  3202 | D:3      | Reached skill level 7 in Spellcasting
  3202 | D:3      | Reached XP level 6. HP: 28/28 MP: 11/17
  3410 | D:3      | Noticed Grinder
  3630 | D:3      | nice
  5148 | D:4      | Reached skill level 1 in Fighting
  5430 | D:4      | shit
  5927 | D:4      | You fall through a shaft for 3 floors!
  5927 | D:7      | Noticed an ice beast
  5940 | D:7      | Killed an ice beast
  5940 | D:7      | Reached XP level 7. HP: 36/36 MP: 8/18
  6159 | D:7      | Reached skill level 5 in Dodging
  6176 | D:7      | Noticed Joseph
  6202 | D:7      | Shot with a sling bullet by Joseph

Vault maps used:
D:1:      psy_arrival_statuary
D:3:      first_ration, uniq_sigmund, uniq_grinder
D:7:      grunt_livestock, uniq_joseph

Skill      XL: |  1  2  3  4  5  6  7 |
---------------+----------------------+-----
Earth Magic    | 3 4 |  4.0
Spellcasting   | 3 5 7 |  7.2
Fighting       | 3 |  3.2
Dodging        | 5 |  5.2
Stealth        | |  3.0
Transmutations | |  1.3

Action                   |  1- 3 |  4- 6 |  7- 9 || total
-------------------------+-------+-------+-------++-------
Melee: Club              |     5 |       |       ||     5
       Dagger            |    10 |    66 |       ||    76
       Short sword       |     8 |    31 |       ||    39
       Rapier            |       |    50 |    26 ||    76
 Cast: Sandblast         |    41 |    53 |     5 ||    99
       Stone Arrow       |       |     4 |     2 ||     6
  Use: Scroll            |       |    13 |       ||    13
       Potion            |       |       |     1 ||     1
 Stab: Sleeping          |       |     6 |     1 ||     7
  Eat: Ration            |       |     2 |       ||     2
Armor: Robe              |     2 |    13 |     2 ||    17
Dodge: Dodged            |    25 |   114 |    30 ||   169

Table legend:
 A = Non-vault XP
 B = Vault XP
 C = Vault XP percentage of total XP
 D = Non-vault monster count
 E = Vault monster count
 F = Vault count percentage of total count
                 A         B        C        D         E       F
            +---------+---------+-------+---------+---------+-------
      Total |     849 |     212 |  20.0 |      89 |       1 |   1.1
            +---------+---------+-------+---------+---------+-------
        D:1 |      56 |       0 |   0.0 |      23 |       0 |   0.0
        D:2 |     178 |       0 |   0.0 |      31 |       0 |   0.0
        D:3 |      68 |     212 |  75.7 |      13 |       1 |   7.1
        D:4 |     207 |       0 |   0.0 |      16 |       0 |   0.0
        D:7 |     340 |       0 |   0.0 |       6 |       0 |   0.0
            +---------+---------+-------+---------+---------+-------
